AoeStats
← superflas007z

Arena

510935875Analyzed
3v3 RM · 16h ago on Oct 3, 2026· 64m 1s· 6 players
Game mode
Random Map
Map size
Normal (6 player)
Population
200
Speed
Normal
Resources
Standard
Victory
Conquest
Starting age
Dark Age
Ending age
Imperial Age
RankedLock teamsTeams togetherTeam positionsShared explorationLock speedFull tech treeHidden civsTurbo modeCheats
Victory
Defeat
🇧🇷 Romans · Brazil
1133
+8
🇧🇾 Turks · Belarus
1021
+12
🇸🇪 Persians · Sweden
985
+15
🇲🇽 Khmer · Mexico
966
-12
🇲🇽 Chinese · Mexico
946
-12
🇲🇽 Hindustanis · Mexico
920
-11
Ezer
0:35 Loom
12:52 Feudal Age
16:46 Castle Age
16:34 Double-Bit Axe
16:41 Gold Mining
17:52 Horse Collar
27:26 Wheelbarrow
28:11 Ballistics
32:48 Imperial Age
30:53 Padded Archer Armor
32:09 Leather Archer Armor
31:47 Fletching
33:18 Gold Shaft Mining
34:13 Hand Cart
33:44 Town Watch
43:03 Masonry
47:51 Bloodlines
47:42 Husbandry
47:54 Forging
47:50 Scale Barding Armor
48:33 Heavy Plow
50:26 Bow Saw
54:09 Two-Man Saw
54:22 Iron Casting
54:50 Chain Barding Armor
57:14 Plate Barding Armor
58:01 Blast Furnace
59:44 Fortified Wall
60:27 Stone Mining
Ooi"
11:01 Feudal Age
9:17 Loom
11:16 Feudal Age
15:56 Castle Age
13:46 Double-Bit Axe
15:17 Wheelbarrow
14:37 Gold Mining
23:58 Bow Saw
24:47 Gold Shaft Mining
24:02 Stone Mining
26:26 Horse Collar
28:00 Caravan
28:30 Coinage
32:18 Imperial Age
31:01 Ballistics
30:19 Man-at-Arms
31:35 Hand Cart
31:22 Padded Archer Armor
31:12 Fletching
31:33 Forging
31:23 Scale Mail Armor
31:22 Long Swordsman
32:24 Elite Centurion
33:26 Conscription
32:55 Heavy Scorpion
33:03 Legionary
34:02 Stone Mining
35:31 Chemistry
34:42 Masonry
36:14 Iron Casting
35:54 Leather Archer Armor
35:57 Chain Mail Armor
35:21 Capped Ram
36:16 Ballistas
37:05 Fortified Wall
36:45 Guard Tower
36:46 Pikeman
37:26 Squires
36:57 Cavalier
37:38 Husbandry
37:23 Siege Ram
37:54 Halberdier
39:52 Banking
39:39 Onager
44:05 Comitatenses
46:00 Scale Barding Armor
46:55 Blast Furnace
45:50 Bodkin Arrow
46:26 Ring Archer Armor
46:10 Light Cavalry
47:00 Bloodlines
53:18 Chain Barding Armor
53:39 Keep
53:25 Shipwright
58:54 Guilds
63:33 Heavy Plow
Gautier Sans-Avoir
10:26 Feudal Age
11:03 Double-Bit Axe
11:00 Horse Collar
14:01 Loom
17:31 Castle Age
18:40 Bow Saw
18:44 Light Cavalry
19:33 Heavy Plow
25:34 Wheelbarrow
25:09 Stone Mining
28:48 Hand Cart
28:58 Caravan
31:58 Stone Shaft Mining
31:13 Gold Mining
32:10 Kamandaran
32:31 Fletching
32:55 Crossbowman
37:05 Imperial Age
34:35 Bodkin Arrow
34:42 Padded Archer Armor
34:44 Devotion
34:39 Herbal Medicine
34:42 Town Watch
35:20 Scale Barding Armor
35:24 Husbandry
38:48 Chain Barding Armor
39:29 Chemistry
38:50 Ballistics
38:38 Thumb Ring
37:56 Elite Skirmisher
39:05 Conscription
38:06 Elite War Elephant
38:58 Citadels
40:02 Gold Shaft Mining
40:50 Hoardings
41:09 Faith
42:09 Crop Rotation
45:14 Bloodlines
46:33 Plate Barding Armor
46:36 Leather Archer Armor
47:09 Masonry
46:55 Murder Holes
47:59 Forging
50:13 Ring Archer Armor
50:19 Iron Casting
57:40 Two-Man Saw
56:56 Guilds
59:51 Architecture
superflas007z
0:31 Loom
10:26 Feudal Age
16:40 Castle Age
19:39 Wheelbarrow
19:02 Double-Bit Axe
19:03 Horse Collar
28:38 Imperial Age
27:25 Bow Saw
29:06 Squires
29:17 Gold Mining
29:51 Hand Cart
30:40 Fletching
30:50 Padded Archer Armor
31:01 Forging
30:57 Scale Barding Armor
30:57 Scale Mail Armor
32:08 Two-Man Saw
31:48 Gold Shaft Mining
31:05 Heavy Scorpion
33:17 Bodkin Arrow
35:06 Great Wall
36:55 Chemistry
36:10 Fortified Wall
36:01 Murder Holes
36:30 Ballistics
37:09 Pikeman
40:15 Conscription
39:16 Elite Chu Ko Nu
40:23 Halberdier
42:21 Stone Mining
44:52 Masonry
44:51 Bracer
45:06 Leather Archer Armor
45:28 Iron Casting
45:00 Scale Barding Armor
51:37 Heavy Rocket Cart
58:54 Elite Skirmisher
59:40 Thumb Ring
Josep Zicri
0:34 Loom
10:04 Feudal Age
10:37 Double-Bit Axe
11:20 Horse Collar
12:21 Horse Collar
18:18 Castle Age
17:12 Stone Mining
17:17 Gold Mining
19:21 Heavy Plow
23:54 Wheelbarrow
23:05 Town Watch
23:57 Bow Saw
27:35 Husbandry
30:13 Fortified Wall
32:06 Bloodlines
32:54 Gold Shaft Mining
32:57 Stone Shaft Mining
33:24 Forging
33:20 Scale Barding Armor
36:06 Hand Cart
35:52 Town Patrol
36:32 Chain Barding Armor
36:55 Iron Casting
40:29 Tusk Swords
39:56 Light Cavalry
58:24 Imperial Age
58:28 Elite Ballista Elephant
59:30 Conscription
58:49 Hussar
59:40 Double Crossbow
62:58 Chemistry
62:19 Ballistics
61:54 Murder Holes
62:57 Plate Barding Armor
63:09 Heavy Scorpion
LenientFiddle
9:06 Loom
12:11 Feudal Age
16:15 Castle Age
14:26 Horse Collar
15:20 Double-Bit Axe
18:17 Fervor
18:24 Bow Saw
26:17 Scale Mail Armor
26:28 Forging
26:37 Heavy Plow
27:41 Chain Mail Armor
27:32 Squires
27:18 Arson
29:19 Iron Casting
33:24 Imperial Age
31:46 Stone Mining
31:53 Gold Mining
31:58 Fletching
34:37 Siege Elephant
36:31 Two-Man Saw
36:36 Blast Furnace
34:58 Elite Ghulam
40:01 Wheelbarrow
39:11 Town Watch
39:24 Bodkin Arrow
40:07 Stone Shaft Mining
40:08 Gold Shaft Mining
39:38 Grand Trunk Road
39:59 Conscription
41:29 Hand Cart
41:15 Town Patrol
43:11 Fortified Wall
43:22 Ballistics
44:02 Chemistry
43:08 Siege Engineers
43:05 Onager
Connection lost

Rejoining the realm…

Still unreachable

The connection could not be restored.

Session expired

The server has moved on; the page needs a fresh start.